 Dungeon Crawl Stone Soup version 0.25-a0-42-g6c54e25894 (webtiles) character file.

Game seed: 5392415547522811740, levelgen mode: deterministic

37 Gynju the Firebug (level 3, -1/19 HPs)
             Began as a Deep Elf Fire Elementalist on Oct 23, 2019.
             Slain by a gnoll (5 damage)
             ... on level 2 of the Dungeon.
             The game lasted 00:00:43 (923 turns).

Gynju the Firebug (Deep Elf Fire Elementalist)       Turns: 923, Time: 00:00:44

Health: -1/19      AC:  2    Str:  5    XL:     3   Next: 21%
Magic:  4/10       EV: 13    Int: 20    God:
Gold:   7          SH:  0    Dex: 15    Spells: 8/9 levels left

rFire    . . .     SeeInvis .   (no weapon)
rCold    . . .     Gourm    .   (no shield)
rNeg     . . .     Faith    .   a - +0 robe
rPois    .         Spirit   .   (no helmet)
rElec    .         Reflect  .   (no cloak)
rCorr    .         Harm     .   (no gloves)
MR       .....                  (no boots)
Stlth    ++........             (no amulet)
HPRegen  0.06/turn              (no ring)
MPRegen  0.12/turn              (no ring)

@: slowed, very slow
A: no striking features
a: no special abilities


You were on level 2 of the Dungeon.
You were not hungry.

You visited 1 branch of the dungeon, and saw 2 of its levels.

You collected 7 gold pieces.

Inventory:

Armour
 a - a +0 robe (worn)
Scrolls
 b - 2 scrolls of remove curse {unknown}
 d - 3 scrolls of amnesia {unknown}
Comestibles
 c - a ration
 f - 4 chunks of flesh


   Skills:
 + Level 3.1 Dodging
 - Level 2.4 Stealth
 + Level 3.6 Spellcasting
 + Level 1.9 Conjurations
 + Level 3.7 Fire Magic


You had 8 spell levels left.
You knew the following spells:

 Your Spells              Type           Power        Failure   Level  Hunger
a - Flame Tongue          Conj/Fire      ###..        4%          1    None

Your spell library contained the following spells:

 Spells                   Type           Power        Failure   Level  Hunger
 Throw Flame              Conj/Fire      ###...       6%          2    ##.....
 Conjure Flame            Conj/Fire      ###.....     12%         3    ###....
 Inner Flame              Hex/Fire       ##......     19%         3    ###....
 Sticky Flame             Conj/Fire      ###.....     38%         4    ####...
 Fireball                 Conj/Fire      ###.......   75%         5    ######.


Dungeon Overview and Level Annotations

Branches:
Dungeon (1/15)

Altars:
Fedhas
Hepliaklqana
Okawaru
Vehumet
Yredelemnul

Annotations:
D:2 Natasha


Message History

Natasha wildly gestures.
You feel troubled.
The kobold shouts!
The gnoll hits you but does no damage. Natasha casts a spell at you.
You feel yourself slow down.
You feel sick.
You feel sick. The gnoll closely misses you. The gnoll hits you.
* * * LOW HITPOINT WARNING * * *
You feel sick.
You see here a ring mail.
The gnoll closely misses you.
Your magical contamination has completely faded away.
The gnoll barely misses you.
You feel sick.
You are no longer poisoned.
The gnoll closely misses you. The gnoll hits you.
You die...

#.r##....._..#
#.##?.....K..#
#g..._..⌠....#
#.#............
#K###....._..###
#.# #..._....#
#g#####...##.#
#.g# # ##@# #.#
#.# #.# #.# #.#
#.# ...


You could see 2 gnolls, a hobgoblin and a kobold.

Vanquished Creatures
  A gnoll (D:2)
  An adder (D:2)
  A dart slug (D:1)
  A leopard gecko (D:1)
  2 goblins (D:1)
  2 hobgoblins (D:1)
  A ball python (D:1)
  A bat (D:1)
  2 frilled lizards (D:1)
  4 kobolds (D:1)
  A rat (D:1)
17 creatures vanquished.

Notes
Turn   | Place    | Note
-------+----------+-------------------------------------------
     0 | D:1      | Gynju the Deep Elf Fire Elementalist began the quest for
                  | the Orb.
     0 | D:1      | Reached XP level 1. HP: 10/10 MP: 6/6
   560 | D:1      | Reached XP level 2. HP: 15/15 MP: 5/8
   880 | D:1      | You fall into a shaft and drop 1 floor!
   894 | D:2      | Found an iron altar of Okawaru.
   903 | D:2      | Reached XP level 3. HP: 15/19 MP: 0/10
   905 | D:2      | Found a radiant altar of Vehumet.
   905 | D:2      | Found a hazy altar of Hepliaklqana.
   906 | D:2      | Found a basalt altar of Yredelemnul.
   906 | D:2      | Noticed Natasha
   907 | D:2      | Found a blossoming altar of Fedhas.
   923 | D:2      | Slain by a gnoll

Levels and vault maps discovered:
D:1:      minmay_arrival_jagged, layout_loops_corners
D:2:      layout_loops_ring, grunt_temple_overflow_open, lemuel_crystal_altar,
          uniq_natasha

Skill      XL: |  1  2 |
---------------+-------+-----
Dodging        | 3 |  3.1
Stealth        | |  2.4
Spellcasting   | |  3.6
Conjurations   | |  1.9
Fire Magic     | |  3.7

Action                   || total
-------------------------++-------
Melee: Unarmed           ||     2
 Cast: Flame Tongue      ||    32
Armor: Robe              ||     4
Dodge: Dodged            ||    12

Table legend:
 A = Non-vault XP
 B = Vault XP
 C = Vault XP percentage of total XP
 D = Non-vault monster count
 E = Vault monster count
 F = Vault count percentage of total count
                 A         B        C        D         E       F
            +---------+---------+-------+---------+---------+-------
      Total |      53 |       0 |   0.0 |      17 |       0 |   0.0
            +---------+---------+-------+---------+---------+-------
        D:1 |      26 |       0 |   0.0 |      15 |       0 |   0.0
        D:2 |      27 |       0 |   0.0 |       2 |       0 |   0.0
            +---------+---------+-------+---------+---------+-------
